 Dungeon Crawl Stone Soup version 0.30-a0-691-g754fce4c43 (webtiles) character file.

Game seed: 13256171398904317339

322 bmack86 the Chopper (level 6, -4/55 HPs)
             Began as a Minotaur Fighter on Jan 20, 2023.
             Slain by a gnoll sergeant
             ... wielding a +0 spear
              (11 damage)
             ... on level 4 of the Dungeon.
             The game lasted 00:08:53 (2620 turns).

bmack86 the Chopper (Minotaur Fighter)              Turns: 2620, Time: 00:08:54

Health: -4/55      AC: 14    Str: 22    XL:     6   Next: 22%
Magic:  5/5        EV:  6    Int:  5    God:
Gold:   102        SH:  5    Dex: 10    Spells: 5/5 levels left

rFire   . . .      SeeInvis .    a - +0 war axe
rCold   + . .      Faith    .    c - +0 buckler
rNeg    . . .      Spirit   .    j - +2 plate armour {rC+}
rPois   .          Reflect  .    (helmet restricted)
rElec   .          Harm     .    (no cloak)
rCorr   +          Rampage  .    (no gloves)
Will    .....                    (no boots) Stlth
                                 (no amulet)
HPRegen 0.29/turn                b - ring of resist corrosion
MPRegen 0.09/turn                (no ring)

@: mighty
A: horns 2, retaliatory headbutt
a: no special abilities


You were on level 4 of the Dungeon.
You visited 1 branch of the dungeon, and saw 4 of its levels.

You collected 102 gold pieces.

Inventory:

Hand Weapons
 a - a +0 war axe (weapon)
 q - a +0 war axe
Missiles
 t - 4 poisoned darts (quivered)
Armour
 c - a +0 buckler (worn)
 i - a +0 chain mail
 j - a +2 plate armour of cold resistance (worn)
 s - a +2 ring mail of willpower
Jewellery
 b - a ring of resist corrosion (left hand)
 g - an amulet of faith
 x - a ring of wizardry
Scrolls
 e - a scroll of vulnerability
 f - 2 scrolls of immolation {unknown}
 k - a scroll of poison {unknown}
 m - a scroll of enchant armour {unknown}
 o - a scroll of brand weapon {unknown}
 p - a scroll of teleportation {unknown}
 r - a scroll of torment {unknown}
 v - a scroll of blinking {unknown}
 w - a scroll of amnesia {unknown}
 y - a scroll of fog {unknown}
Potions
 d - a potion of might
 h - 2 potions of curing
 l - a potion of cancellation
 n - a potion of resistance
 u - a potion of flight {unknown}


   Skills:
 + Level 4.9 Fighting
 * Level 5.2 Axes
 + Level 1.0 Throwing
 + Level 4.8 Armour
 + Level 4.9 Shields


You had 5 spell levels left.
You didn't know any spells.
Your spell library contained the following spells:

 Spells                   Type           Power      Damage    Failure   Level
 Slow                     Hex            0%         N/A       100%        1
 Ensorcelled Hibernation  Hex/Ice        0%         N/A       100%        2
 Passwall                 Tmut/Erth      0%         N/A       100%        2
 Call Canine Familiar     Summ           0%         N/A       100%        3
 Confusing Touch          Hex            0%         N/A       100%        3
 Portal Projectile        Hex/Tloc       0%         N/A       100%        3
 Swiftness                Air            0%         N/A       100%        3
 Vampiric Draining        Necr           0%         2d6       100%        3
 Leda's Liquefaction      Hex/Erth       0%         N/A       100%        4


Dungeon Overview and Level Annotations

Branches:
Dungeon (4/15)
 Temple: D:4-7

Altars:
Fedhas
Sif Muna
Vehumet

Shops:
D:2 (


Innate Abilities, Weirdness & Mutations

You have a pair of horns on your head.
You reflexively headbutt those who attack you in melee.


Message History

The gnoll sergeant hits you from afar with a +0 spear!
The gnoll hits you but does no damage. x3
You hit the gnoll.
The gnoll is lightly wounded.
You hit the gnoll. You slash the gnoll! You closely miss the gnoll.
The gnoll sergeant hits you from afar with a +0 spear!
The gnoll hits you but does no damage. x2; The gnoll hits you with a +0 flail.
You feel very mighty all of a sudden.
The gnoll sergeant hits you from afar with a +0 spear.
You block the gnoll's attack. The gnoll hits you with a +0 flail. x2
You slash the gnoll! Your headbutt misses the gnoll.
The gnoll is almost dead.
You hit the gnoll. x2
You kill the gnoll!
You hit the gnoll but do no damage. You closely miss the gnoll.
The gnoll sergeant barely misses you. The gnoll closely misses you.
The gnoll hits you but does no damage. x2; The gnoll completely misses you.
You hit the gnoll.
The gnoll is lightly wounded.
You slash the gnoll!
You kill the gnoll!
You barely miss the gnoll. You hit the gnoll.
You block the gnoll sergeant's attack. The gnoll barely misses you.
The gnoll hits you but does no damage. The gnoll closely misses you.
You block the gnoll sergeant's attack. The gnoll hits you with a +0 whip.
The gnoll hits you with a +0 flail. The gnoll completely misses you.
Your Throwing skill increases to level 1!
You barely miss the gnoll.
The gnoll is almost dead.
You hit the gnoll. x2
You kill the gnoll!
The gnoll sergeant hits you from afar with a +0 spear!
* * * LOW HITPOINT WARNING * * *
The gnoll hits you but does no damage. The gnoll hits you with a +0 flail.
* * * LOW HITPOINT WARNING * * *
You slash the gnoll!
You kill the gnoll!
You slash the gnoll!
The gnoll sergeant hits you from afar with a +0 spear!
You die...

#......##,#.* #...))
#.......#!#.#* ##.....
#######......####...<..
*******######*##...........#..
**,,,,,##.....###.####.........
**,,,,,,........#..#.....#....>.
*,,,,,,,.....g..........##......
*,,,,,,,.......))...[...##......
*,,,,,,,......)@....##.###......
*,,,,,,,......)g....##.# #......
*,,,,,,,.........##..#.# #......
*,,,,,,,.........###...# #......
**,,,,>,........## #..## #######
**,,,,,##.....## ##.#
*******######* ###


You could see a gnoll sergeant and a gnoll.

Vanquished Creatures
  An orc priest (D:4)
  2 iguanas (D:4)
  10 gnolls
  5 adders
  3 worms
  A dart slug (D:1)
  8 orcs
  6 endoplasms
  6 giant cockroaches
  10 goblins
  3 hobgoblins
  12 jackals
  5 kobolds
  4 quokkas
  3 ball pythons
  3 bats (D:2)
  4 frilled lizards
  6 rats
92 creatures vanquished.

Vanquished Creatures (others)
  A plant (D:2)
1 creature vanquished.

Grand Total: 93 creatures vanquished

Notes
Turn   | Place    | Note
-------+----------+-------------------------------------------
     0 | D:1      | bmack86 the Minotaur Fighter began the quest for the Orb.
     0 | D:1      | Reached XP level 1. HP: 19/19 MP: 0/0
   187 | D:1      | Reached XP level 2. HP: 25/27 MP: 1/1
   253 | D:1      | Found a faded altar of an unknown god.
   273 | D:1      | Reached skill level 3 in Axes
   821 | D:2      | Reached XP level 3. HP: 33/33 MP: 2/2
   973 | D:2      | Found Behun's Antique Weapon Emporium.
  1350 | D:3      | Reached XP level 4. HP: 21/40 MP: 3/3
  1355 | D:3      | Reached skill level 4 in Axes
  1622 | D:3      | Found a shimmering blue altar of Sif Muna.
  1622 | D:3      | Found a blossoming altar of Fedhas.
  1622 | D:3      | Found a radiant altar of Vehumet.
  1645 | D:3      | Reached XP level 5. HP: 46/47 MP: 4/4
  2403 | D:4      | Reached skill level 5 in Axes
  2471 | D:4      | Reached XP level 6. HP: 52/55 MP: 5/5
  2619 | D:4      | Reached skill level 1 in Throwing
  2620 | D:4      | Slain by a gnoll sergeant

Illustrated notes

Levels and vault maps discovered:
D:1:      roderic_octagonal_star, layout_basic,
          hellmonk_ecumenical_altar_slurped_away, minivault_27
D:2:      layout_basic, serial_shops, shop, minivault_27, serial_bayou_pond_a
D:3:      layout_loops_ring, gammafunk_temple_overflow_claw
D:4:      layout_rooms, grunt_ministairs_3, dk_noncrumbling_4

Skill      XL: |  1  2  3  4  5  6 |
---------------+-------------------+-----
Axes           | 3 4 5 |  5.2
Shields        | 4 |  4.9
Fighting       | 4 |  4.9
Armour         | 4 |  4.8
Throwing       | 1 |  1.0

Action                   |  1- 3 |  4- 6 || total
-------------------------+-------+-------++-------
Melee: War axe           |    79 |   110 ||   189
       Headbutt          |     8 |    19 ||    27
  Use: Scroll            |       |     6 ||     6
       Potion            |       |     1 ||     1
Armor: Scale mail        |    51 |    23 ||    74
       Plate armour      |       |    35 ||    35
       Ring mail         |       |    14 ||    14
Dodge: Dodged            |    45 |    73 ||   118
Block: Buckler           |    25 |    30 ||    55

Table legend: (Time is in decaauts)
 A = Elapsed time spent in this place.
 B = Non-inter-level travel time spent in this place.
 C = Inter-level travel time spent in this place.
 D = Time resting spent in this place.
 E = Time spent auto-exploring this place.
 F = Levels seen in this place.
 G = Mean time per level.
                   A        B        C        D        E       F      G
               +--------+--------+--------+--------+--------+-----+--------+
         Total |   2684 |   2609 |     75 |      0 |   1483 |   4 |  671.0 |
       Dungeon |   2684 |   2609 |     75 |      0 |   1483 |   4 |  671.0 |
               +--------+--------+--------+--------+--------+-----+--------+

Top non-repeatable levels by time:
     D:3: 892 daAuts
     D:1: 770 daAuts
     D:2: 518 daAuts
     D:4: 502 daAuts
